 Dungeon Crawl Stone Soup version 0.18.1-8-gdd0e5ea (webtiles) character file.

4993 vonhedlund the Thaumaturge (level 10, -11/56 HPs)
             Began as a High Elf Conjurer on May 27, 2016.
             Was a Believer of Vehumet.
             Mangled by an orc warrior
             ... wielding a +0 glaive
             ... led by an orc high priest
              (24 damage)
             ... on level 2 of the Orcish Mines on May 31, 2016.
             The game lasted 01:25:11 (9103 turns).

vonhedlund the Thaumaturge (High Elf Conjurer)      Turns: 9103, Time: 01:25:12

Health: -11/56     AC:  4    Str:  7    XL:     10   Next: 29%
Magic:  26/26      EV: 18    Int: 22    God:    Vehumet [**....]
Gold:   664        SH:  0    Dex: 17    Spells: 4 memorised, 23 levels left

rFire  . . .     SeeInvis .     R - +2 short sword (speed)
rCold  . . .     Gourm    +     a - +0 robe
rNeg   . . .     Faith    .     (no shield)
rPois  .         Spirit   .     y - +0 helmet
rElec  .         Dismiss  .     (no cloak)
rCorr  .         Reflect  .     (no gloves)
SustAt .         Harm     .     e - +0 pair of boots
MR     +....                    C - amulet of the gourmand
Stlth  ++........               (no ring)
                                (no ring)

@: somewhat resistant to hostile enchantments, unstealthy
A: no striking features
a: Renounce Religion


You were on level 2 of the Orcish Mines.
You worshipped Vehumet.
Vehumet was pleased with you.
You were completely stuffed.

You visited 3 branches of the dungeon, and saw 12 of its levels.

You collected 719 gold pieces.
You spent 55 gold pieces at shops.

Inventory:

Hand Weapons
 w - a +2 shortbow of freezing
 z - a +3 dagger of speed
 R - a +2 short sword of speed (weapon)
Missiles
 E - 135 arrows
Armour
 a - a +0 robe (worn)
 e - a +0 pair of boots (worn)
 x - a cursed +0 animal skin
 y - a +0 helmet (worn)
Magical Staves
 s - an uncursed staff of wizardry
Jewellery
 u - an uncursed ring of protection from cold {unknown}
 C - an amulet of the gourmand (around neck)
 P - an uncursed amulet of faith {unknown}
Wands
 D - a wand of disintegration (8/24)
 F - a wand of polymorph (16/24)
 G - a wand of acid (6/15)
 H - a wand of disintegration (8/24)
 K - a wand of hasting (1/9)
Scrolls
 g - 4 scrolls of enchant armour
 h - 6 scrolls of recharging {unknown}
 i - 10 scrolls of identify
 l - a scroll of immolation {unknown}
 m - 3 scrolls of remove curse
 n - 3 scrolls of teleportation {unknown}
 o - a scroll of enchant weapon {unknown}
 p - a scroll of fog {unknown}
 A - a scroll of fear {unknown}
 L - a scroll of blinking {unknown}
 M - a scroll of acquirement {unknown}
 N - a scroll of random uselessness {unknown}
Potions
 d - 2 potions of heal wounds {unknown}
 j - 2 potions of brilliance {unknown}
 k - 3 potions of curing
 r - a potion of might {unknown}
 t - a potion of agility
 v - 2 potions of mutation
 B - a potion of flight {unknown}
 I - a potion of cancellation {unknown}
 O - a potion of lignification {unknown}
Books
 b - a book of Conjurations

   Spells                             Type                      Level
   a - Magic Dart                     Conjuration                  1
   b - Searing Ray                    Conjuration                  2
   c - Dazzling Spray                 Conjuration/Hexes            3
   d - Fulminant Prism                Conjuration/Hexes            4
   e - Iskenderun's Mystic Blast      Conjuration                  4
   f - Iskenderun's Battlesphere      Conjuration/Charms           5
Comestibles
 c - 6 bread rations
 f - 2 meat rations
 q - 9 chunks of flesh
 J - 3 fruits
 Q - a beef jerky


   Skills:
 - Level 4.0 Bows
 - Level 8.1 Dodging
 - Level 2.1 Stealth
 + Level 11.2 Spellcasting
 - Level 10.0 Conjurations


You had 23 spell levels left.
You knew the following spells:

 Your Spells              Type           Power        Failure   Level  Hunger
a - Magic Dart            Conj           ####         1%          1    None
b - Searing Ray           Conj           ######       1%          2    None
c - Iskenderun's Mystic   Conj           ######..     1%          4    #......
d - Sting                 Conj/Pois      ####         1%          1    None


Dungeon Overview and Level Annotations

Branches:
Dungeon (9/15)             Temple (1/1) D:4             Orc (2/2) D:9
    Elf (0/3) Orc:2
   Lair: D:8-11

Altars:
Ashenzari
Cheibriados
Dithmenos
Elyvilon
Fedhas
Gozag
Kikubaaqudgha
Makhleb
Nemelex Xobeh
Okawaru
Pakellas
Qazlal
Ru
Sif Muna
Trog
Vehumet
Xom
Yredelemnul
Zin
The Shining One
Beogh

Shops:
D:4 :?   D:6 =   D:8 (   Orc:2 }

Annotations:
D:9 Statics's ghost, journeyman GrFi


Message History

Found 48 gold pieces.
Found a roughly hewn altar of Beogh.
There is a stone staircase leading down here.
The orc warrior hits you with a glaive!!
Ouch! That really hurt!
The orc priest mumbles some strange prayers to Beogh against you.
Beogh smites you! The orc misses you.
The orc priest hits you with a hand axe.
* * * LOW HITPOINT WARNING * * *
The orc closely misses you.
You climb downwards.
There is a stone staircase leading up here.
Evoke which item? (* to show all) (? for menu, Esc to quit)
Zapping:
H - a wand of disintegration {zapped: 2} (will waste charges)
Press: ? - help, Shift-Dir - straight line, f - orc warrior
Aim: an orc warrior, wielding a glaive and wearing a chain mail (chance to defeat MR: 65%)
The orc warrior struggles to resist.
Evoking this partially-identified wand wasted a few charges.
The orc misses you. x2
The orc warrior hits you with a glaive!!
You die...

###......#.#..#
##<[.....#...#.##
####[.........∩....##
#..#........#...#...#
#.........#..#.#....##
##.#......#..........#
##.................##
#..oo#...........###
##.#@###.....#####
##ooo##.......##
##............#
#............#
####..)........##
#..#............##
##....####.......##
#....##.###........
##.........#........


You could see an orc warrior, an orc priest and 3 orcs.

Vanquished Creatures
  Grinder (D:5)
  The ghost of urechis the Ruffian, an amateur TrMo (D:6)
  3 yaks
  2 wyverns
  Menkaure (D:4)
  A warg (Orc:1)
  3 porcupines (D:9)
  2 ice beasts
  4 orc warriors
  A sky beast (D:6)
  4 phantoms
  A wasp (D:6)
  2 ogres
  5 centaurs
  2 crocodiles (D:9)
  4 giant frogs
  A scorpion (D:8)
  6 killer bees
  4 howler monkeys
  2 crimson imps
  A jelly (D:5)
  4 orc priests
  3 hounds
  7 orc wizards
  3 worker ants
  A killer bee zombie (D:8)
  A hound skeleton (D:5)
  Robin (D:3)
  A worker ant zombie (D:6)
  11 adders
  3 river rats (D:9)
  A shadow imp (D:9)
  An ooze (D:2)
  An adder zombie (D:8)
  A worm (D:3)
  4 dart slugs
  2 giant geckos
  26 orcs
  6 bats
  8 giant cockroaches
  14 goblins
  9 hobgoblins
  3 quokkas
  A ball python (D:2)
  3 giant newts
  4 kobolds
  A quokka skeleton (D:6)
  6 rats
177 creatures vanquished.

Vanquished Creatures (others)
  A fungus (D:9)
  2 plants (D:9)
3 creatures vanquished.

Grand Total: 180 creatures vanquished

Notes
Turn   | Place    | Note
--------------------------------------------------------------
     0 | D:1      | vonhedlund the High Elf Conjurer began the quest for the Orb.
     0 | D:1      | Reached XP level 1. HP: 11/11 MP: 4/4
   392 | D:1      | Reached skill level 3 in Spellcasting
   395 | D:1      | Reached XP level 2. HP: 17/17 MP: 1/7
   782 | D:2      | Reached skill level 4 in Spellcasting
   782 | D:2      | Reached XP level 3. HP: 15/21 MP: 1/9
   861 | D:2      | Learned a level 2 spell: Searing Ray
  1079 | D:2      | Found a blossoming altar of Fedhas.
  1166 | D:2      | Reached skill level 5 in Conjurations
  1474 | D:3      | Noticed Robin
  1474 | D:3      | Reached XP level 4. HP: 27/27 MP: 2/11
  1591 | D:3      | Killed Robin
  2369 | D:4      | Found a staircase to the Ecumenical Temple.
  2378 | Temple   | Entered the Ecumenical Temple
  2663 | Temple   | Became a worshipper of Vehumet
  2735 | D:4      | Reached XP level 5. HP: 31/31 MP: 7/12
  2739 | D:4      | Noticed Menkaure
  2883 | D:5      | Entered Level 5 of the Dungeon
  2883 | D:5      | Noticed a phantom
  2913 | D:4      | Learned a level 4 spell: Iskenderun's Mystic Blast
  2988 | D:4      | Found Aclebic's Magic Scroll Emporium.
  2991 | D:4      | Bought a scroll of identify for 22 gold pieces
  3041 | D:4      | Noticed a phantom
  3072 | D:4      | Killed a phantom
  3072 | D:4      | Reached XP level 6. HP: 32/36 MP: 1/13
  3334 | D:4      | Bought a scroll of remove curse for 33 gold pieces
  3669 | D:5      | Reached XP level 7. HP: 41/41 MP: 11/14
  3911 | D:5      | Noticed Grinder
  3917 | D:5      | Paralysed by Grinder for 6 turns
  3931 | D:5      | Killed Grinder
  3974 | D:5      | Reached skill level 10 in Conjurations
  4088 | D:5      | Reached * piety under Vehumet
  4088 | D:5      | Offered knowledge of Flame Tongue by Vehumet.
  4459 | D:6      | Reached skill level 5 in Spellcasting
  4459 | D:6      | Reached XP level 8. HP: 46/46 MP: 7/16
  4550 | D:6      | Reached skill level 6 in Spellcasting
  4668 | D:6      | Found Bimamug's Jewellery Emporium.
  4817 | D:6      | Noticed urechis's ghost (amateur TrMo)
  4825 | D:6      | Killed urechis's ghost
  4825 | D:6      | Reached skill level 7 in Spellcasting
  4838 | D:6      | Found an opulent altar of Gozag.
  5145 | D:6      | Reached skill level 8 in Spellcasting
  5464 | D:7      | Reached skill level 9 in Spellcasting
  5674 | D:7      | Found an ancient bone altar of Kikubaaqudgha.
  5878 | D:8      | Reached XP level 9. HP: 51/51 MP: 18/23
  6014 | D:4      | Killed Menkaure
  6014 | D:4      | Reached skill level 10 in Spellcasting
  6091 | D:4      | Found Uqelim's Book Shoppe.
  6344 | D:8      | Found an iron altar of Okawaru.
  6563 | D:8      | Found Ceewo's Weapon Emporium.
  6704 | D:8      | Offered knowledge of Sting by Vehumet.
  6722 | D:8      | Found an iron altar of Okawaru.
  6725 | D:8      | Found a shadowy altar of Dithmenos.
  6725 | D:8      | Found a glowing golden altar of the Shining One.
  6728 | D:8      | Found a stormy altar of Qazlal.
  6802 | D:8      | Reached ** piety under Vehumet
  7114 | D:9      | Found a staircase to the Orcish Mines.
  7123 | D:9      | Reached skill level 5 in Dodging
  7396 | D:9      | Noticed Statics's ghost (journeyman GrFi)
  7604 | D:8      | Reached XP level 10. HP: 56/56 MP: 14/25
  8044 | D:8      | Found a sparkling altar of Nemelex Xobeh.
  8044 | D:8      | Found a snail-covered altar of Cheibriados.
  8078 | D:8      | Reached skill level 1 in Bows
  8176 | D:8      | Learned a level 1 spell: Sting
  8600 | Orc:1    | Entered Level 1 of the Orcish Mines
  8767 | Orc:2    | Entered Level 2 of the Orcish Mines
  8774 | Orc:2    | Reached skill level 11 in Spellcasting
  8781 | Orc:2    | Found Voimitt's Quality Used Wands.
  8800 | Orc:2    | Found a staircase to the Elven Halls.
  8931 | Orc:2    | Offered knowledge of Throw Flame by Vehumet.
  9064 | Orc:1    | Noticed an orc knight
  9100 | Orc:1    | Found a roughly hewn altar of Beogh.
  9100 | Orc:1    | Noticed an orc high priest
  9103 | Orc:2    | Mangled by an orc warrior

Skill      XL: |  1  2  3  4  5  6  7  8  9 10 |
---------------+-------------------------------+-----
Spellcasting   | 3 4 5 9 10 11 | 11.2
Conjurations   | 5 6 7 8 10 | 10.0
Dodging        | 8 |  8.1
Bows           | 4 |  4.0
Stealth        | |  2.1

Action                   |  1- 3 |  4- 6 |  7- 9 | 10-12 || total
-------------------------+-------+-------+-------+-------++-------
Melee: Unarmed           |     2 |       |       |       ||     2
       Dagger            |    25 |    13 |    29 |    19 ||    86
       Staff             |       |     4 |       |       ||     4
       Short sword       |       |     2 |       |    24 ||    26
       Shortbow          |       |       |       |     1 ||     1
 Fire: Hunting sling     |       |    19 |    26 |       ||    45
       Shortbow          |       |       |    11 |     3 ||    14
 Cast: Magic Dart        |    73 |    38 |    52 |    12 ||   175
       Searing Ray       |     2 |    13 |    29 |     6 ||    50
       Iskenderun's Myst |       |     3 |    64 |    36 ||   103
       Sting             |       |       |       |     1 ||     1
Evoke: Wand              |       |       |     1 |     1 ||     2
  Use: Scroll            |       |     1 |     5 |       ||     6
       Potion            |       |       |     1 |       ||     1
 Stab: Sleeping          |     2 |     1 |     1 |       ||     4
  Eat: Chunk             |     2 |     5 |    19 |     9 ||    35
       Royal jelly       |       |     1 |       |       ||     1
       Fruit             |       |       |     1 |       ||     1
       Pizza             |       |       |     1 |       ||     1
Armor: Robe              |     9 |     4 |    20 |     2 ||    35
Dodge: Dodged            |    32 |    30 |    82 |    33 ||   177
